 Dungeon Crawl Stone Soup version 0.31-a0-968-g24f9ace8b5 (webtiles) character file.

Game seed: 649451568337181868

2 croobank the Sneak (level 1, 0/18 HPs)
             Began as a Demonspawn Delver on Oct 27, 2023.
             Slain by a scorpion zombie (5 damage)
             ... in an ossuary.
             The game lasted 00:01:26 (142 turns).

croobank the Sneak (Demonspawn Delver)               Turns: 142, Time: 00:01:26

Health: 0/18       AC:  3    Str: 12    XL:     1   Next: 25%
Magic:  1/1        EV: 11    Int: 11    God:
Gold:   0          SH:  0    Dex: 14    Spells: 0/0 levels left

rFire   . . .        a - +0 short sword
rCold   . . .        (no shield)
rNeg    . . .        b - +0 leather armour
rPois   .            (no helmet)
rElec   .            (no cloak)
rCorr   .            (no gloves)
SInv    .            (no boots)
Will    .....        (no amulet)
Stlth   ++           (no ring)
HPRegen 0.23/turn    (no ring)
MPRegen 0.07/turn

%: no passive effects
@: hasted, very quick
A: no striking features
a: no special abilities


You were in an ossuary.
You visited 1 branch of the dungeon, and saw 3 of its levels.
You also visited: Ossuary.

Inventory:

Hand Weapons
 a - a +0 short sword (weapon)
Armour
 b - a +0 leather armour (worn)
Wands
 g - a wand of digging (3)
Scrolls
 c - a scroll of fog
 d - a scroll of revelation


   Skills:
 + Level 3.0 Fighting
 + Level 1.8 Short Blades
 + Level 1.8 Dodging
 + Level 4.5 Stealth


You couldn't memorise any spells.
You didn't know any spells.
Your spell library was empty.

Dungeon Overview and Level Annotations

Branches:
Dungeon (6/15)            Ossuary (1/1)
 Temple: D:4-7

Altars:


Message History

You hit the scorpion zombie.
The scorpion zombie is moderately damaged.
The scorpion zombie barely misses you.
You hit the scorpion zombie but do no damage.
The scorpion zombie is moderately damaged.
The scorpion zombie closely misses you.
You hit the scorpion zombie.
The scorpion zombie is moderately damaged.
You hit the scorpion zombie.
The scorpion zombie is moderately damaged.
The scorpion zombie barely misses you.
You hit the scorpion zombie but do no damage.
The scorpion zombie is moderately damaged.
The scorpion zombie hits you but does no damage.
You hit the scorpion zombie.
The scorpion zombie is heavily damaged.
The scorpion zombie hits you.
You hit the scorpion zombie.
The scorpion zombie is heavily damaged.
The scorpion zombie hits you.
You hit the scorpion zombie but do no damage.
The scorpion zombie is heavily damaged.
The scorpion zombie hits you.
You hit the scorpion zombie.
The scorpion zombie is severely damaged.
The scorpion zombie hits you.
You hit the scorpion zombie but do no damage.
The scorpion zombie is severely damaged.
The scorpion zombie barely misses you.
You hit the scorpion zombie.
The scorpion zombie is severely damaged.
The scorpion zombie closely misses you.
You feel yourself speed up. The scorpion zombie hits you.
* * * LOW HITPOINT WARNING * * *
You hit the scorpion zombie but do no damage.
The scorpion zombie is severely damaged.
You hit the scorpion zombie.
The scorpion zombie is severely damaged.
The scorpion zombie hits you.
You die...

######+##
#...#...#
#...8...#
.......#
##8...8##
#.@Z....#
#...8...#
#...#...#
##'######
#...#...#
#.∩.'.∩.#
#...#...#
#########


You could see a scorpion zombie.

Vanquished Creatures
  A quokka (D:4)
  A goblin zombie (Ossuary)
2 creatures vanquished.

Notes
Turn   | Place    | Note
-------+----------+-------------------------------------------
     0 | D:5      | croobank the Demonspawn Delver began the quest for the Orb.
     0 | D:5      | Reached XP level 1. HP: 18/18 MP: 1/1
     1 | D:6      | Noticed a sky beast
    12 | D:5      | Noticed an animated plate armour
    43 | D:5      | Noticed an iguana
    70 | D:4      | Found a sand-covered staircase.
    86 | D:4      | Noticed a scorpion
    89 | D:4      | Noticed a scorpion
    95 | Ossuary  | Entered an ossuary
   142 | Ossuary  | Slain by a scorpion zombie

Illustrated notes

Levels and vault maps discovered:
D:4:      layout_basic, mainiacjoe_overflow_concentric_impassable,
          mainiacjoe_overflow_alcove_4, amcnicky_altar_gilded,
          mainiacjoe_overflow_boulevard, nicolae_ossuary_entry_false_entrances,
          serial_shops, nicolae_shop_bloodbath_and_beyond, serial_rivers,
          chequers_serial_rivers_room_b, chequers_serial_rivers_small_b,
          chequers_serial_rivers_room_b, chequers_serial_rivers_small_3,
          chequers_serial_rivers_micro_e, chequers_serial_rivers_micro_e,
          corexii_item_surrounded_by_moat
D:5:      layout_cave_pools, serial_shops, nicolae_shop_mannequins,
          serial_gnoll_camp, grums_kennel, gnoll_camp_mini_house,
          gnoll_camp_medium_02, gnoll_camp_mini_loothouse, minivault_1,
          nicolae_the_louvre
D:6:      layout_loops_ring, mainiacjoe_overflow_paths, kennysheep_mini_moat,
          minmay_temple_entry_statues_pillars, gup_sewer_entry_bowl,
          uniq_duvessa
Ossuary:  ossuary_minmay_scorpions

Action                     || total
---------------------------++-------
  Melee: Short sword       ||    29
    Use: Scroll            ||     1
         Potion            ||     1
   Stab: Sleeping          ||     1
 Armour: Leather armour    ||    15
  Dodge: Dodged            ||    11

Table legend: (Time is in decaauts)
 A = Elapsed time spent in this place.
 B = Non-inter-level travel time spent in this place.
 C = Inter-level travel time spent in this place.
 D = Time resting spent in this place.
 E = Time spent auto-exploring this place.
 F = Levels seen in this place.
 G = Mean time per level.
                   A        B        C        D        E       F      G
               +--------+--------+--------+--------+--------+-----+--------+
         Total |    138 |    138 |      0 |      0 |     16 |   4 |   34.5 |
       Dungeon |     93 |     93 |      0 |      0 |     12 |   3 |   31.0 |
       Ossuary |     44 |     44 |      0 |      0 |      4 |   1 |   44.0 |
               +--------+--------+--------+--------+--------+-----+--------+

Top non-repeatable levels by time:
     D:5: 45 daAuts
 Ossuary: 44 daAuts
     D:4: 39 daAuts
     D:6: 8 daAuts
